 Dungeon Crawl Stone Soup version 0.24.0-123-gd5b16e6ec5 (webtiles) character file.

Game seed: 4052903932333696944, levelgen mode: deterministic

542 Nattfarinn the Gusty (level 7, -3/49 HPs)
             Began as a Tengu Summoner on Jan 19, 2020.
             Was an Initiate of Hepliaklqana.
             Slain by a shadow (5 damage)
             ... on level 5 of the Dungeon on Jan 21, 2020.
             The game lasted 00:18:20 (6623 turns).

Nattfarinn the Gusty (Tengu Summoner)               Turns: 6623, Time: 00:18:21

Health: -3/49      AC: 23    Str:  8    XL:     7   Next: 27%
Magic:  4/11       EV:  2    Int: 17    God:    Hepliaklqana [......]
Gold:   281        SH:  0    Dex: 18    Spells: 4/10 levels left

rFire    . . .     SeeInvis .   g - +0 halberd
rCold    . . .     Gourm    .   (shield currently unavailable)
rNeg     + + +     Faith    .   (armour currently unavailable)
rPois    +         Spirit   .   (helmet currently unavailable)
rElec    .         Reflect  .   (cloak currently unavailable)
rCorr    .         Harm     .   (gloves currently unavailable)
MR       .....     NoTele   +   (boots unavailable)
Stlth    ++........             (no amulet)
HPRegen  0.16/turn              p - +3 ring of dexterity
MPRegen  0.12/turn              (no ring)

@: tree-form
A: reduced essence, able to fly
a: Stop Flying, Recall Ancestor, Ancestor Identity, Renounce Religion


You were on level 5 of the Dungeon.
You worshipped Hepliaklqana.
Hepliaklqana was noncommittal.
You were hungry.
You were a tree.
You visited 2 branches of the dungeon, and saw 6 of its levels.

You collected 281 gold pieces.

Inventory:

Hand Weapons
 e - a +0 club
 g - a +0 halberd (weapon)
 j - a +1 short sword of speed
 r - a +2 war axe of electrocution
 t - a +2 rapier of venom
Armour
 a - a +0 robe
 v - a +2 robe of resistance (melded)
Jewellery
 p - a +3 ring of dexterity (left branch)
Wands
 u - a wand of polymorph (6)
Scrolls
 d - a scroll of amnesia
 f - a scroll of fog {unknown}
 l - a scroll of fear {unknown}
 m - a scroll of remove curse {unknown}
 n - 2 scrolls of teleportation
 q - a scroll of enchant weapon {unknown}
Potions
 b - a potion of degeneration {unknown}
 i - 5 potions of brilliance
 o - 2 potions of flight
 s - a potion of magic {unknown}
Comestibles
 c - 12 rations


   Skills:
 * Level 0.5 Fighting
 + Level 0.3 Short Blades
 - Level 1.2 Polearms
 + Level 2.3 Dodging
 - Level 2.0 Stealth
 - Level 2.3 Spellcasting
 - Level 7.0 Summonings
 - Level 7.1 Air Magic


You had 4 spell levels left.
You knew the following spells:

 Your Spells              Type           Power        Failure   Level  Hunger
b - Call Imp              Summ           ####....     1%          2    ##.....
c - Summon Lightning Spi  Summ/Air       ####....     10%         4    #####..

Your spell library contained the following spells:

 Spells                   Type           Power        Failure   Level  Hunger
 Summon Small Mammal      Summ           ####         1%          1    #......
 Call Canine Familiar     Summ           ####....     3%          3    ###....
 Summon Guardian Golem    Hex/Summ       ##......     13%         3    ###....
 Summon Ice Beast         Ice/Summ       ##......     41%         4    #####..


Dungeon Overview and Level Annotations

Branches:
Dungeon (5/15)             Temple (1/1) D:5

Altars:
Hepliaklqana
Kikubaaqudgha
Makhleb
Sif Muna
Trog
Wu Jian
Zin
The Shining One

Annotations:
D:4 3 runed translucent doors, Ostronsas's ghost, amateur CeAM; Saltbearer's ghost, amateur OpTm


Innate Abilities, Weirdness & Mutations

((You have a beak for a mouth.))
((You have claws for feet.))
You can fly continuously.
Your life essence is reduced to manifest your ancestor. (-10% HP)


Message History

You feel hot and cold all over.
Your roots penetrate the ground.
Nozipho hits the shadow.
The shadow hits you.
The crimson imp hits your lightning spire but does no damage.
Your lightning spire shoots out a bolt of lightning at the hound skeleton!
The bolt of electricity hits the hound skeleton!
The bolt of electricity hits the orc!
The orc dies!
The bolt of electricity hits the hound skeleton!
The bolt of electricity hits your lightning spire but does no damage.
You hit the shadow.
The shadow is moderately damaged.
The hound skeleton bites your lightning spire but does no damage.
Nozipho hits the shadow.
The shadow hits you.
The hound skeleton bites your lightning spire but does no damage.
The crimson imp blinks!
Your lightning spire shoots out a bolt of lightning at the crimson imp!
The bolt of electricity hits the crimson imp!
Nozipho hits the shadow but does no damage.
The shadow hits you.
You die...

#.#
##.##..#'#..#..#
#.. #.#
#..#.##.##....###..
#.#
##...#.(.#.........
#.#
#..#######.#.###..
#.# #..#.....#.#.#
#.. #.#
#..#.....'...###..
#.#
#.#########..##...
#.# #.#8.....
#.....)8 #.#
#♣WZ§.5.. #....###
#.# #R#).....
#..### #.#
#.####### #..#
#.##########..#
'...#
#.............#
.#...#
############..# #
#..## #...# ...
..#.# .##..#


You could see the friendly Nozipho the ancestor, a shadow, a crimson imp, a
hound skeleton and a friendly lightning spire.

Vanquished Creatures
  Sigmund (D:4)
  4 adders
  A gnoll (D:1)
  A worm (D:3)
  2 dart slugs (D:2)
  5 leopard geckos
  2 orcs (D:5)
  4 giant cockroaches
  9 goblins
  5 hobgoblins
  2 jackals (D:5)
  10 kobolds
  4 quokkas
  6 bats
  2 frilled lizards
  11 rats
69 creatures vanquished.

Vanquished Creatures (collateral kills)
  Eustachio (D:5)
  Blork the orc (D:5)
  A crimson imp (D:4)
  2 bullfrog zombies (D:5)
  A hound (D:4)
  Jessica (D:3)
  An iguana (D:4)
  A worker ant (D:4)
  An orc wizard (D:5)
  2 adders
  A howler monkey skeleton (D:2)
  A gnoll (D:1)
  An ooze (D:4)
  An adder zombie (D:5)
  An adder skeleton (D:4)
  2 orcs (D:5)
  2 bats
  6 goblins
  2 hobgoblins
  A quokka (D:3)
  13 kobolds
  A rat (D:1)
  A bush (D:1)
45 creatures vanquished.

Vanquished Creatures (others)
  An ancestor (D:5)
  A plant (D:1)
  3 withered plants (D:4)
5 creatures vanquished.

Grand Total: 119 creatures vanquished

Notes
Turn   | Place    | Note
-------+----------+-------------------------------------------
     0 | D:1      | Nattfarinn the Tengu Summoner began the quest for the Orb.
     0 | D:1      | Reached XP level 1. HP: 10/10 MP: 4/4
   118 | D:1      | Reached skill level 5 in Summonings
   563 | D:1      | Reached XP level 2. HP: 14/15 MP: 6/6
   861 | D:1      | Learned a level 2 spell: Call Imp
  1193 | D:1      | Reached XP level 3. HP: 19/19 MP: 7/7
  2082 | D:2      | Reached XP level 4. HP: 24/24 MP: 8/8
  2615 | D:2      | Found a bloodstained altar of Trog.
  2709 | D:2      | Found a shimmering blue altar of Sif Muna.
  3149 | D:3      | Reached skill level 1 in Polearms
  3210 | D:3      | Noticed Jessica
  3231 | D:3      | Killed Jessica
  3231 | D:3      | Gained mutation: You can fly continuously. [Tengu growth]
  3231 | D:3      | Reached XP level 5. HP: 23/28 MP: 9/9
  3607 | D:3      | Learned a level 4 spell: Summon Lightning Spire
  3635 | D:3      | Reached skill level 1 in Air Magic
  3957 | D:3      | Found a faded altar of an unknown god.
  4629 | D:4      | Noticed Sigmund
  4639 | D:4      | Killed Sigmund
  4639 | D:4      | Reached XP level 6. HP: 32/32 MP: 2/10
  4760 | D:4      | Reached skill level 5 in Air Magic
  5064 | D:4      | Found a glowing golden altar of the Shining One.
  5117 | D:4      | Found a burning altar of Makhleb.
  5205 | D:4      | Found a runed translucent gate.
  5207 | D:4      | Found a runed translucent gate.
  5207 | D:4      | Noticed Ostronsas's ghost (amateur CeAM)
  5207 | D:4      | Noticed Saltbearer's ghost (amateur OpTm)
  5208 | D:4      | Found a runed translucent gate.
  5867 | D:5      | Entered Level 5 of the Dungeon
  5867 | D:5      | Found a staircase to the Ecumenical Temple.
  5877 | Temple   | Entered the Ecumenical Temple
  5886 | Temple   | Became a worshipper of Hepliaklqana the Forgotten
  6004 | D:5      | Noticed Eustachio
  6259 | D:5      | Killed Eustachio
  6259 | D:5      | Reached XP level 7. HP: 17/32 MP: 7/11
  6423 | D:5      | Noticed Blork the orc
  6438 | D:5      | Killed Blork the orc
  6611 | D:5      | Noticed a shadow
  6621 | D:5      | HP: 1/33 [something (32)]
  6623 | D:5      | Slain by a shadow

Levels and vault maps discovered:
D:1:      lemuel_arrival_tunnels, layout_loops_corners, lexackson_kobold_supper
D:2:      layout_basic, lemuel_round_altar, lemuel_coloured_pillars_altar
D:3:      minmay_recursive_quarters, layout_rooms, first_ration,
          chequers_ecumenical_altar_grove, minmay_randomly_rotated_circles,
          uniq_jessica
D:4:      layout_basic, makhleb_grotto_becter, gammafunk_ghost_cemetery,
          lemuel_altar_in_water, uniq_sigmund
D:5:      kennysheep_spiral_hall, layout_rooms,
          minmay_temple_entry_purple_smoke, minmay_divided_ellipse,
          uniq_eustachio, uniq_blork_the_orc
Temple:   compressed_dpeg_circular_temple

Skill      XL: |  1  2  3  4  5  6  7 |
---------------+----------------------+-----
Summonings     | 5 6 7 |  7.0
Polearms       | 1 |  1.2
Air Magic      | 4 6 7 |  7.1
Fighting       | |  0.5
Short Blades   | |  0.3
Dodging        | |  2.3
Stealth        | |  2.0
Spellcasting   | |  2.3

Action                   |  1- 3 |  4- 6 |  7- 9 || total
-------------------------+-------+-------+-------++-------
Melee: Club              |    28 |       |       ||    28
       Unarmed           |     8 |       |       ||     8
       Kick              |    17 |    21 |     3 ||    41
       Peck              |     8 |    16 |     1 ||    25
       Halberd           |    53 |   148 |     8 ||   209
 Cast: Summon Small Mamm |    12 |       |       ||    12
       Call Imp          |     9 |    18 |       ||    27
       Summon Lightning  |       |    10 |     3 ||    13
 Abil: Fly               |       |     1 |       ||     1
  Use: Potion            |       |     2 |     2 ||     4
       Scroll            |       |       |     5 ||     5
 Stab: Sleeping          |     7 |     5 |       ||    12
  Eat: Chunk             |     4 |    13 |     2 ||    19
       Ration            |       |     1 |       ||     1
Armor: Robe              |    16 |    15 |       ||    31
       Skin              |       |       |     2 ||     2
Dodge: Dodged            |    48 |   153 |     4 ||   205
